 Dungeon Crawl Stone Soup version 0.31.0-9-g3a7656b989 (webtiles) character file.

Game seed: 3120387079697497271

61 browni3141 the Sneak (level 4, -6/37 HPs)
             Began as a Formicid Delver on Jan 24, 2024.
             Mangled by an iguana (10 damage)
             ... on level 7 of the Dungeon.
             The game lasted 00:02:16 (541 turns).

browni3141 the Sneak (Formicid Delver)               Turns: 541, Time: 00:02:16

Health: -6/37      AC:  3    Str: 18    XL:     4   Next: 27%
Magic:  4/4        EV: 12    Int: 10    God:
Gold:   104        SH:  0    Dex: 15    Spells: 3/3 levels left

rFire   . . .        a - +0 short sword
rCold   . . .        (no shield)
rNeg    . . .        b - +0 leather armour
rPois   .            (helmet unavailable)
rElec   .            (no cloak)
rCorr   .            (no gloves)
SInv    +            (no boots)
Will    .....        J - amulet of regeneration
Stlth   +++          (no ring)
HPRegen 1.06/turn    (no ring)
MPRegen 0.09/turn

%: no passive effects
@: no status effects
A: permanent stasis, dig shafts and tunnels, antennae 3, four strong arms
a: Dig, Shaft Self


You were on level 7 of the Dungeon.
You visited 1 branch of the dungeon, and saw 5 of its levels.

You collected 104 gold pieces.

Inventory:

Hand Weapons
 a - a +0 short sword (weapon)
Armour
 b - a +0 leather armour (worn)
Magical Staves
 H - a staff of fire
Jewellery
 J - an amulet of regeneration (around neck)
Wands
 f - a wand of digging (3)
Scrolls
 d - 4 scrolls of revelation
 F - a scroll of fog
 G - a scroll of identify {unknown}
 I - a scroll of noise {unknown}
 K - a scroll of butterflies {unknown}
 L - a scroll of fear
Potions
 M - a potion of attraction {unknown}


   Skills:
 + Level 3.8 Fighting
 + Level 2.6 Short Blades
 + Level 2.4 Dodging
 + Level 6.5 Stealth


You had 3 spell levels left.
You didn't know any spells.
Your spell library was empty.

Dungeon Overview and Level Annotations

Branches:
Dungeon (6/15)
 Temple: D:4-7

Altars:

Shops:
D:3 =   D:4 *


Innate Abilities, Weirdness & Mutations

You cannot be hasted, slowed, berserked, paralysed or teleported.
You can dig through walls and to a lower floor.
You have a pair of large antennae on your head. (SInv)
Your four strong arms can wield two-handed weapons with a shield.


Message History

You hit the phantom but do no damage.
The phantom is lightly damaged.
The phantom closely misses you.
You completely miss the phantom. You punch the phantom.
The phantom is moderately damaged.
The phantom closely misses you.
You hit the phantom.
The phantom is moderately damaged.
The phantom hits you.
* * * LOW HITPOINT WARNING * * *
You hit the phantom.
The phantom is moderately damaged.
You barely miss the phantom.
The phantom is moderately damaged.
The phantom barely misses you.
You barely miss the phantom.
The phantom is moderately damaged.
The phantom hits you but does no damage.
You hit the phantom but do no damage.
The phantom is moderately damaged.
The phantom hits you.
You miss the phantom.
The phantom is moderately damaged.
The phantom hits you.
* * * LOW HITPOINT WARNING * * *
The phantom misses you.
You begin to dig a shaft.
You continue digging a shaft.
The phantom hits you.
* * * LOW HITPOINT WARNING * * *
A shaft appears beneath you!
You fall into a shaft and drop 3 floors!
The shaft crumbles and collapses.
You start resting.
HP restored.
You sense a monster nearby.
Found a stone staircase leading down.
You now have 78 gold pieces (gained 10).
Found an escape hatch in the floor.
L - a scroll of fear You now have 88 gold pieces (gained 10).
You now have 98 gold pieces (gained 10).
You now have 104 gold pieces (gained 6).
M - a fizzy red potion An iguana comes into view.
The helpless iguana fails to defend itself.
You puncture the iguana!
The iguana is almost dead.
You hit the iguana but do no damage.
The iguana is almost dead.
The iguana bites you.
You closely miss the iguana.
The iguana is almost dead.
The iguana bites you.
You barely miss the iguana.
The iguana is almost dead.
The iguana barely misses you.
You barely miss the iguana.
The iguana is almost dead.
The iguana bites you.
You hit the iguana but do no damage.
The iguana is almost dead.
The iguana bites you.
You hit the iguana but do no damage.
The iguana is almost dead.
The iguana bites you!
* * * LOW HITPOINT WARNING * * *
You closely miss the iguana.
The iguana is almost dead.
The iguana closely misses you.
You hit the iguana but do no damage.
The iguana is almost dead.
You hit the iguana but do no damage. Your punch misses the iguana.
The iguana is almost dead.
The iguana bites you!
* * * LOW HITPOINT WARNING * * *
You hit the iguana.
The iguana is almost dead.
The iguana barely misses you.
You hit the iguana but do no damage.
The iguana is almost dead.
The iguana barely misses you.
You hit the iguana but do no damage.
The iguana is almost dead.
The iguana closely misses you.
You hit the iguana but do no damage.
The iguana is almost dead.
The iguana bites you!
* * * LOW HITPOINT WARNING * * *
You hit the iguana but do no damage.
The iguana is almost dead.
The iguana misses you.
You barely miss the iguana.
The iguana is almost dead.
You hit the iguana but do no damage.
The iguana is almost dead.
The iguana bites you but does no damage.
You closely miss the iguana.
The iguana is almost dead.
The iguana bites you!
You die...

..#.# ###.#.# ..#.#.#
#.# #.#.#.#
#.#####.#.#.#
#.......#.#.# #
#.##........# ...
#.##........#####.....
#.##..........@l..#
#.#####.#########.# #.#
#.# .#.. ###.#####.#
#.#.... ..........#
#.........#..####.
....#######.
#.........#.......
.#..........
#.................
........#########.....#
#.>......
.#....................#
#.......


You could see an iguana.

Vanquished Creatures
  A hound (D:5)
  3 adders (D:5)
  A bat (D:3)
  An endoplasm (D:3)
  A goblin (D:4)
  A rat (D:3)
8 creatures vanquished.

Notes
Turn   | Place    | Note
-------+----------+-------------------------------------------
     0 | D:5      | browni3141 the Formicid Delver began the quest for the Orb.
     0 | D:5      | Reached XP level 1. HP: 18/18 MP: 1/1
    15 | D:5      | Noticed a hound
    21 | D:5      | Killed a hound
    22 | D:5      | Reached XP level 2. HP: 22/25 MP: 2/2
    22 | D:5      | Reached XP level 3. HP: 26/30 MP: 3/3
   152 | D:5      | Reached XP level 4. HP: 26/37 MP: 4/4
   182 | D:4      | Found Xotin's Neck Hole.
   295 | D:3      | Found Teitacho's Jewellery Emporium.
   381 | D:4      | Noticed a phantom
   411 | D:4      | You fall into a shaft and drop 3 floors!
   537 | D:7      | HP: 1/37 [iguana (11)]
   541 | D:7      | Mangled by an iguana

Illustrated notes

Levels and vault maps discovered:
D:3:      layout_basic, serial_shops, nicolae_shop_advertising_works
          [nicolae_subvault_shop_adworks], minmay_liquid_box, minmay_distorted,
          uniq_sigmund
D:4:      layout_basic, minitemple, minmay_misc_feat_plants,
          minmay_misc_feat_iff, chequers_avenue, minmay_fountain_box,
          nicolae_shop_sticking_my_neck_out, uniq_edmund,
          uniq_crazy_yiuf_cottage
D:5:      layout_basic
D:6:      layout_gridville, temple_green, cheibrodos_sewer_entry_drain,
          minmay_misc_feat_square
D:7:      layout_basic, uniq_prince_ribbit1

Skill      XL: |  1 |
---------------+----+-----
Dodging        | 2 |  2.4
Fighting       | |  3.8
Short Blades   | |  2.6
Stealth        | |  6.5

Action                     |  1- 3 |  4- 6 || total
---------------------------+-------+-------++-------
  Melee: Short sword       |    43 |    43 ||    86
         Punch             |     1 |     1 ||     2
Ability: Shaft Self        |       |     1 ||     1
  Evoke: Wand              |     1 |       ||     1
    Use: Scroll            |     1 |       ||     1
   Stab: Paralysed         |     2 |       ||     2
         Sleeping          |       |     5 ||     5
 Armour: Leather armour    |    25 |    22 ||    47
  Dodge: Dodged            |    27 |    13 ||    40
